 Dungeon Crawl Stone Soup version 0.28.0-43-g3370ac3207 (webtiles) character file.

Game seed: 17037883275844222359

363 Faeu the Skirmisher (level 6, -1/56 HPs)
             Began as a Minotaur Fighter on Mar 21, 2022.
             Slain by an orc warrior
             ... wielding a +0 scimitar
              (15 damage)
             ... on level 5 of the Dungeon.
             The game lasted 00:27:54 (2763 turns).

Faeu the Skirmisher (Minotaur Fighter)              Turns: 2763, Time: 00:27:55

Health: -1/56      AC:  9    Str: 23    XL:     6   Next: 39%
Magic:  5/5        EV:  9    Int: 11    God:
Gold:   122        SH:  4    Dex:  9    Spells: 5/5 levels left

rFire   . . .      SeeInvis .   a - +0 long sword {long}
rCold   . . .      Faith    .   c - +0 buckler
rNeg    . . .      Spirit   .   b - +0 scale mail
rPois   .          Reflect  .   (helmet restricted)
rElec   .          Harm     .   n - +0 cloak
rCorr   .          Rampage  .   (no gloves)
Will    .....                   f - +0 pair of boots
Stlth   ..........              (no amulet)
HPRegen 0.18/turn               r - +6 ring of intelligence
MPRegen 0.09/turn               (no ring)

@: no status effects
A: horns 2, retaliatory headbutt
a: no special abilities


You were on level 5 of the Dungeon.
You visited 1 branch of the dungeon, and saw 5 of its levels.

You collected 122 gold pieces.


Innate Abilities, Weirdness & Mutations

You have a pair of horns on your head.
You reflexively headbutt those who attack you in melee.


   Skills:
 + Level 5.4 Fighting
 + Level 4.5 Long Blades
 + Level 5.3 Armour
 + Level 5.3 Shields


You had 5 spell levels left.
You didn't know any spells.
Your spell library contained the following spells:

 Spells                   Type           Power      Damage    Failure   Level
 Animate Skeleton         Necr           0%         N/A       73%         1
 Apportation              Tloc           0%         N/A       73%         1
 Summon Small Mammal      Summ           0%         N/A       73%         1
 Frozen Ramparts          Ice            0%         1d2       97%         3
 Ice Form                 Ice/Tmut       0%         N/A       100%        4
 Summon Ice Beast         Ice/Summ       0%         N/A       100%        4

Inventory:

Hand Weapons
 a - a +0 long sword (weapon) {long}
 k - a +2 dagger of holy wrath {short}
   (You took it off a goblin on level 2 of the Dungeon)
Missiles
 e - 126 stones (quivered) {throwing}
Armour
 b - a +0 scale mail (worn)
 c - a +0 buckler (worn)
 f - a +0 pair of boots (worn)
   (You found it on level 1 of the Dungeon)
 n - a +0 cloak (worn)
   (You found it on level 3 of the Dungeon)
Jewellery
 r - a +6 ring of intelligence (left hand)
   (You found it on level 4 of the Dungeon)
Scrolls
 l - a scroll of enchant weapon {unknown}
 m - a scroll of fog {unknown}
 o - a scroll of enchant armour {unknown}
 q - a scroll of torment {unknown}
 s - a scroll of identify {unknown}
Potions
 d - 3 potions of might
 g - 2 potions of mutation {unknown}
 h - 2 potions of attraction {unknown}
 i - 2 potions of heal wounds {unknown}
 j - 2 potions of degeneration {unknown}
 p - a potion of magic {unknown}

Dungeon Overview and Level Annotations

Branches:
Dungeon (5/15)
 Temple: D:4-7

Altars:
Nemelex Xobeh

Shops:
D:2

( . .. ... ....
.....
#########......
.....[o@.#
##########


You could see an orc warrior.


Message History

You open the door.
There is an open door here.
Found a stone staircase leading down.
Items here: )))) [ †††.
e - 126 stones {throwing} (gained 25)
An orc and an orc warrior come into view.
The orc warrior shouts!
An orc wizard comes into view. It is wielding a +0 dagger.
The orc moves out of view.
The orc warrior moves out of view.
An orc comes into view. It is wielding a +0 hand axe.
The orc shouts!
The orc wizard shouts!
An orc comes into view. It is wielding a +0 flail.
The orc shouts!
An orc comes into view. It is wielding a +0 club.
You barely miss the orc warrior.
The orc shouts!
You headbutt the orc warrior, but do no damage.
The orc warrior hits you with a +0 scimitar! 😮 HP[-15]
You take 15 damage, and now have 41/56 hp.
MASSIVE DAMAGE!! (PAUSE) 🤖 Initializing magus.rc ...
Options error: Delay interrupt name "hungry" not recognised. (~/.crawlrc:4751) Options error: Bad monster_list_colour key: strict_neutral (~/.crawlrc:4766) ✅ Successfully initialized magus.rc [v1.9.6] Welcome back, Faeu the Minotaur Fighter.
Press ? for a list of commands and other information.
The orc warrior barely misses you. 😮 HP[+1]
The orc wizard mumbles some strange words.
The orc wizard flickers and vanishes!
Deactivating autopickup; reactivate with Ctrl-A. 😕 HP[+1]
An orc warrior breaks down the door. 😕 HP[+1]
You open the door.
There is an open door here.
You completely miss the orc warrior.
The orc warrior hits you with a +0 scimitar.
The orc warrior closely misses you. You furiously retaliate!
You headbutt the orc warrior. 😮 HP[-5]
You take 5 damage, and now have 39/56 hp.
You closely miss the orc warrior. You headbutt the orc warrior.
The orc warrior closely misses you. You furiously retaliate!
You headbutt the orc warrior, but do no damage. 😮 HP[+1]
You hit the orc warrior but do no damage.
Your headbutt misses the orc warrior. The orc warrior barely misses you.
There is an open door here. 😮 HP[+1] 😮 HP[+1] 😕 HP[+1]
An orc wizard appears from thin air!
Reactivating autopickup. 😕 HP[+1]
The orc wizard mumbles some strange words.
The orc wizard flickers and vanishes!
Deactivating autopickup; reactivate with Ctrl-A. 😕 HP[+1]
There is a stone staircase leading down here.
You climb downwards.
Reactivating autopickup.
There is a stone staircase leading up here.
You hit the orc warrior.
You headbutt the orc warrior, but do no damage.
The orc warrior closely misses you.
The orc warrior hits you with a +0 scimitar! 😮 HP[-7]
You take 7 damage, and now have 38/56 hp.
You closely miss the orc warrior. The orc warrior barely misses you.
You barely miss the orc warrior.
The orc warrior hits you with a +0 scimitar.
You closely miss the orc warrior.
The orc warrior hits you with a +0 scimitar!
* * * LOW HITPOINT WARNING * * *
😨 HP[-13]
You take 13 damage, and now have 25/56 hp.
MASSIVE DAMAGE!! (PAUSE) 🤖 Initializing magus.rc ...
Options error: Delay interrupt name "hungry" not recognised. (~/.crawlrc:4751) Options error: Bad monster_list_colour key: strict_neutral (~/.crawlrc:4766) ✅ Successfully initialized magus.rc [v1.9.6] Welcome back, Faeu the Minotaur Fighter.
Press ? for a list of commands and other information.
You hit the orc warrior but do no damage.
The orc warrior hits you with a +0 scimitar.
* * * LOW HITPOINT WARNING * * *
You block the orc warrior's attack. 😨 HP[-6]
You take 6 damage, and now have 19/56 hp.
You closely miss the orc warrior.
You headbutt the orc warrior, but do no damage.
The orc warrior hits you with a +0 scimitar.
* * * LOW HITPOINT WARNING * * *
😱 HP[-6]
You take 6 damage, and now have 13/56 hp.
You hit the orc warrior.
The orc warrior hits you with a +0 scimitar!
You die...

Skill      XL: |  1  2  3  4  5 |
---------------+----------------+-----
Fighting       | 4 5 |  5.4
Shields        | 4 5 |  5.3
Armour         | 4 5 |  5.3
Long Blades    | 3 4 |  4.5

Action                   |  1- 3 |  4- 6 || total
-------------------------+-------+-------++-------
Melee: Long sword        |    77 |    84 ||   161
       Headbutt          |     6 |    14 ||    20
Throw: Stone             |       |     4 ||     4
Armor: Scale mail        |    26 |    26 ||    52
Dodge: Dodged            |    31 |    42 ||    73
Block: Buckler           |    14 |    12 ||    26

Levels and vault maps discovered:
D:1:      minmay_arrival_arboretum_small, layout_loops_ring
D:2:      layout_rooms, serial_shops, nicolae_shop_bloodbath_and_beyond,
          basic_altar
D:3:      layout_basic, shapermc_ecumenical_altar_notcrosses
D:4:      layout_basic, guppyfry_early_orc_mine
D:5:      layout_layer_cave, mainiacjoe_overflow_paths,
          nicolae_overflow_crystal_walls, minmay_starry_boxes

Notes
Turn   | Place    | Note
-------+----------+-------------------------------------------
     0 | D:1      | Faeu the Minotaur Fighter began the quest for the Orb.
     0 | D:1      | Reached XP level 1. HP: 19/19 MP: 0/0
     0 | D:1      | magus.rc [v1.9.6]
    87 | D:1      | Reached XP level 2. HP: 23/27 MP: 1/1
   372 | D:1      | You pick up a book of Rime and begin reading...
   372 | D:1      | You add the spells Frozen Ramparts, Ice Form and Summon Ice
                  | Beast to your library.
   422 | D:1      | Reached skill level 4 in Fighting
   426 | D:1      | Reached skill level 4 in Shields
   455 | D:1      | Reached skill level 4 in Armour
   685 | D:1      | Reached skill level 3 in Long Blades
   749 | D:1      | Reached XP level 3. HP: 28/33 MP: 2/2
   894 | D:2      | Found Fioqed's Weapon Shop.
  1136 | D:2      | Reached XP level 4. HP: 41/41 MP: 3/3
  1277 | D:2      | Found a sparkling altar of Nemelex Xobeh.
  1332 | D:3      | Reached XP level 5. HP: 41/47 MP: 4/4
  1369 | D:3      | magus.rc [v1.9.6]
  1389 | D:3      | magus.rc [v1.9.6]
  1391 | D:3      | magus.rc [v1.9.6]
  1441 | D:3      | magus.rc [v1.9.6]
  1450 | D:3      | magus.rc [v1.9.6]
  1493 | D:3      | magus.rc [v1.9.6]
  1494 | D:3      | magus.rc [v1.9.6]
  1513 | D:3      | You pick up a book of Cantrips and begin reading...
  1513 | D:3      | You add the spells Animate Skeleton, Summon Small Mammal
                  | and Apportation to your library.
  1529 | D:3      | magus.rc [v1.9.6]
  1628 | D:3      | magus.rc [v1.9.6]
  1743 | D:3      | Found a faded altar of an unknown god.
  1744 | D:3      | magus.rc [v1.9.6]
  1748 | D:3      | magus.rc [v1.9.6]
  1769 | D:3      | magus.rc [v1.9.6]
  2164 | D:4      | Reached skill level 4 in Long Blades
  2230 | D:4      | Noticed an ogre
  2240 | D:4      | Killed an ogre
  2241 | D:4      | Reached skill level 5 in Fighting
  2241 | D:4      | Reached skill level 5 in Armour
  2241 | D:4      | Reached skill level 5 in Shields
  2241 | D:4      | Reached XP level 6. HP: 42/56 MP: 5/5
  2243 | D:4      | magus.rc [v1.9.6]
  2698 | D:4      | Noticed an orc warrior
  2707 | D:4      | magus.rc [v1.9.6]
  2756 | D:5      | Entered Level 5 of the Dungeon
  2761 | D:5      | magus.rc [v1.9.6]
  2762 | D:5      | HP: 13/56 [orc warrior/+0 scimitar (6)]
  2763 | D:5      | Slain by an orc warrior

Vanquished Creatures
  An ogre (D:4)
  A hound (D:4)
  2 orc priests (D:3)
  An iguana (D:4)
  2 hound skeletons
  3 gnolls (D:4)
  4 adders (D:2)
  An adder skeleton (D:4)
  2 dart slugs
  6 orcs
  8 ball pythons
  6 endoplasms
  3 giant cockroaches
  6 goblins
  7 hobgoblins
  3 jackals (D:1)
  2 kobolds
  2 quokkas
  3 frilled lizards (D:1)
  4 rats
67 creatures vanquished.

Table legend:
 A = Non-vault XP
 B = Vault XP
 C = Vault XP percentage of total XP
 D = Non-vault monster count
 E = Vault monster count
 F = Vault count percentage of total count
                 A         B        C        D         E       F
            +---------+---------+-------+---------+---------+-------
      Total |     519 |       0 |   0.0 |      67 |       0 |   0.0
            +---------+---------+-------+---------+---------+-------
        D:1 |      42 |       0 |   0.0 |      24 |       0 |   0.0
        D:2 |      76 |       0 |   0.0 |      16 |       0 |   0.0
        D:3 |     110 |       0 |   0.0 |       8 |       0 |   0.0
        D:4 |     291 |       0 |   0.0 |      19 |       0 |   0.0
            +---------+---------+-------+---------+---------+-------

Illustrated notes

Table legend:
 A = Kills in this place as a percentage of kills in entire the game.
 B = Kills by you in this place as a percentage of kills by you in the entire game.
 C = Kills by friends in this place as a percentage of kills by friends in the entire game.
 D = Other kills in this place as a percentage of other kills in the entire game.
 E = Experience gained in this place as a percentage of experience gained in the entire game.
 F = Experience gained in this place divided by the number of levels of this place that you have seen.
                   A       B       C       D       E      F
               +-------+-------+-------+-------+-------+----------------------
         Total | 100.0 | 100.0 |   N/A |   N/A | 100.0 | 103.8
       Dungeon | 100.0 | 100.0 |   N/A |   N/A | 100.0 | 103.8
               +-------+-------+-------+-------+-------+----------------------

Table legend: (Time is in decaauts)
 A = Elapsed time spent in this place.
 B = Non-inter-level travel time spent in this place.
 C = Inter-level travel time spent in this place.
 D = Time resting spent in this place.
 E = Time spent auto-exploring this place.
 F = Levels seen in this place.
 G = Mean time per level.
                   A        B        C        D        E       F      G
               +--------+--------+--------+--------+--------+-----+--------+
         Total |   2805 |   2726 |     79 |    116 |   1971 |   5 |  561.0 |
       Dungeon |   2805 |   2726 |     79 |    116 |   1971 |   5 |  561.0 |
               +--------+--------+--------+--------+--------+-----+--------+

Top non-repeatable levels by time:
     D:1: 847 daAuts
     D:3: 829 daAuts
     D:4: 640 daAuts
     D:2: 479 daAuts
     D:5: 8 daAuts
